 Dungeon Crawl Stone Soup version 0.28-a0-1382-g92835e5 (webtiles) character file.

Game seed: 2829804910494139759

3959 Dorkslayer the Slasher (level 10, -1/69 HPs)
             Began as an Octopode Fighter on Jan 1, 2022.
             Was an Initiate of Gozag.
             Killed from afar by a gargoyle (10 damage)
             ... with a stone arrow
             ... on level 7 of the Dungeon.
             The game lasted 00:21:02 (8037 turns).

Dorkslayer the Slasher (Octopode Fighter)           Turns: 8037, Time: 00:21:02

Health: -1/69      AC:  1    Str: 20    XL:     10   Next: 22%
Magic:  10/10      EV: 16    Int: 11    God:    Gozag
Gold:   754        SH:  8    Dex: 17    Spells: 9/9 levels left

rFire   . . .      SeeInvis .   n - +4 falchion (holy)
rCold   . . .      Faith    .   b - +2 buckler
rNeg    . . .      Spirit   .   (helmet restricted)
rPois   +          Reflect  .   (no amulet)
rElec   .          Harm     .   j - ring of poison resistance
rCorr   .          Rampage  .   l - +6 ring of dexterity
Will    .....                   (no ring)
Stlth   +++++.....              (no ring)
HPRegen 0.21/turn               (no ring)
MPRegen 0.12/turn               (no ring)
                                (no ring)
                                (no ring)

@: about to teleport, gold aura
A: almost no armour, amphibious, 8 rings, camouflage 1, gelatinous body 1,
(nimble swimmer 1), tentacles
a: Renounce Religion, Potion Petition, Call Merchant, Bribe Branch


You were on level 7 of the Dungeon.
You worshipped Gozag.
Gozag was pleased with you.
You visited 2 branches of the dungeon, and saw 8 of its levels.
You also visited: Sewer.

You collected 821 gold pieces.
You paid 67 gold pieces to Gozag.

Inventory:

Hand Weapons
 a - a +0 spectral long sword
 n - a +4 falchion of holy wrath (weapon)
Missiles
 m - 4 throwing nets
 o - 19 poisoned darts
 t - a curare-tipped dart (quivered)
 u - 2 boomerangs
Armour
 b - a +2 buckler (worn)
Jewellery
 j - a ring of poison resistance (left tentacle)
 l - a +6 ring of dexterity (right tentacle)
Wands
 k - a wand of iceblast (3)
Scrolls
 d - a scroll of fear
 e - 4 scrolls of immolation
 i - 2 scrolls of blinking
 r - a scroll of amnesia {unknown}
 s - a scroll of enchant armour
Potions
 c - a potion of curing
 h - 2 potions of attraction {unknown}
 p - 2 potions of flight {unknown}
 q - a potion of resistance {unknown}
 v - a potion of magic {unknown}


   Skills:
 + Level 6.4 Fighting
 + Level 7.9 Long Blades
 * Level 6.1 Throwing
 + Level 5.5 Dodging
 + Level 7.3 Stealth
 + Level 5.1 Shields
 * Level 3.5 Evocations


You had 9 spell levels left.
You didn't know any spells.
Your spell library contained the following spells:

 Spells                   Type           Power      Damage    Failure   Level
 Ensorcelled Hibernation  Hex/Ice        0%         N/A       47%         2
 Spider Form              Tmut/Pois      0%         N/A       71%         3
 Petrify                  Tmut/Erth      0%         N/A       98%         4
 Metabolic Englaciation   Hex/Ice        0%         N/A       100%        5
 Statue Form              Tmut/Erth      0%         N/A       100%        6


Dungeon Overview and Level Annotations

Branches:
Dungeon (7/15)             Temple (1/1) D:5           Sewer (visited)

Altars:
Ashenzari
Dithmenos
Fedhas
Gozag
Hepliaklqana
Nemelex Xobeh
Okawaru
Vehumet
Wu Jian
Xom
Yredelemnul
The Shining One

Portals:
Abyss: D:3

Annotations:
D:7 Joseph


Innate Abilities, Weirdness & Mutations

You cannot wear most types of armour.
You are amphibious.
You can wear up to eight rings at the same time.
Your skin changes colour to match your surroundings (Stealth+).
Your rubbery body absorbs attacks. (AC +1, EV +1)
((You are camouflaged when in or above water. (Stealth+)))
You have tentacles for arms and can constrict up to eight enemies at once.


Message History

The stone arrow misses you.
Unknown command.
Joseph shoots a sling bullet.
The sling bullet hits you! The sling bullet burns you.
Found a potion of curing.
Joseph shoots a sling bullet.
You block the sling bullet.
There is an open door here.
Joseph shoots a sling bullet.
You block the sling bullet.
There is an open door here.
Throw: dart (curare)
Press: ? - help, Q - select action, (/) - cycle Shift-Dir - straight line, f - sky beast
Aim: a sky beast (asleep, 98% to hit)
You throw a curare-tipped dart.
The curare-tipped dart hits the sky beast.
The sky beast is poisoned.
The sky beast convulses.
The sky beast seems to slow down.
The sky beast is lightly wounded.
The sky beast flickers out of sight!
Deactivating autopickup; reactivate with Ctrl-A.
You hit something. Something hits you. Something shocks you.
You slash something!
Joseph shoots a sling bullet.
The sling bullet hits you!! The sling bullet burns you.
You hit something.
Reactivating autopickup.
You feel a bit more experienced.
You see here 13 gold pieces.
You see here a curare-tipped dart.
t - a curare-tipped dart The gargoyle hurls a stone arrow at you.
The stone arrow hits you!
Joseph shoots a sling bullet.
The sling bullet hits you!
* * * LOW HITPOINT WARNING * * *
The sling bullet burns you.
* * * LOW HITPOINT WARNING * * *
As you read the scroll of teleportation, it crumbles to dust.
You feel strangely unstable.
The gargoyle hurls a stone arrow at you.
The stone arrow hits you!
You die...
Your body crumbles into a pile of gold.

######## ############
.#.....#........@...#
.'.....#....(.......#
.#.....#.........$..#
.#.....#.....$$$..!.#
.#....##....$.9##@..#
.##...##.......##...#
###....#.......##'###
..#....#.......#....#
..#....#.......'....#


You could see Joseph and a gargoyle.

Vanquished Creatures
  Harold (D:7)
  A hydra (D:7)
  Grinder (D:5)
  Eustachio (D:5)
  A shadow (D:6)
  Duvessa (D:5)
  An ice beast (D:6)
  2 sky beasts
  An orc warrior (D:6)
  2 ogres (D:5)
  A centaur (D:6)
  A small abomination (D:3)
  A necrophage (D:6)
  A bullfrog (D:7)
  The ghost of mbeke the Caller, an amateur DESu of Qazlal (D:3)
  A kobold brigand (D:6)
  A scorpion (D:4)
  A water moccasin skeleton (D:6)
  Dowan (D:5)
  4 wights (D:7)
  A howler monkey (D:6)
  2 orc priests (D:6)
  A bullfrog skeleton (D:3)
  2 bullfrog zombies (D:5)
  2 centaur skeletons
  2 jellies
  3 iguanas
  5 orc wizards
  2 killer bee zombies (D:5)
  2 hound zombies (D:5)
  A hound skeleton (D:4)
  A howler monkey zombie (D:6)
  2 gnolls
  14 adders
  2 river rats (Sewer)
  3 ufetubi
  4 dart slugs
  15 orcs
  4 bats
  7 endoplasms
  A giant cockroach (D:3)
  6 goblins
  4 hobgoblins
  6 kobolds
  2 quokkas
  4 ball pythons
  12 frilled lizards
  15 rats
  A bush (D:5)
151 creatures vanquished.

Vanquished Creatures (others)
  8 plants (D:6)
8 creatures vanquished.

Grand Total: 159 creatures vanquished

Notes
Turn   | Place    | Note
-------+----------+-------------------------------------------
     0 | D:1      | Dorkslayer the Octopode Fighter began the quest for the
                  | Orb.
     0 | D:1      | Reached XP level 1. HP: 16/16 MP: 1/1
   230 | D:1      | Reached XP level 2. HP: 16/21 MP: 2/2
   613 | D:1      | Reached XP level 3. HP: 25/26 MP: 3/3
   766 | D:1      | You fall into a shaft and drop 1 floor!
   985 | D:2      | Reached skill level 1 in Stealth
  1235 | D:2      | Reached XP level 4. HP: 30/31 MP: 4/4
  1770 | D:3      | Found a glowing drain.
  1796 | Sewer    | Entered a sewer
  1872 | Sewer    | Reached skill level 1 in Throwing
  1872 | Sewer    | Reached XP level 5. HP: 31/36 MP: 5/5
  2937 | D:3      | Found a faded altar of an unknown god.
  2952 | D:3      | Reached XP level 6. HP: 23/43 MP: 6/6
  3183 | D:3      | Found a transporter.
  3188 | D:3      | Found a transporter.
  3214 | D:3      | Noticed mbeke's ghost (amateur DESu)
  3256 | D:3      | Found a one-way gate to the infinite horrors of the Abyss.
  3268 | D:3      | Noticed a toenail golem
  3443 | D:3      | Killed mbeke's ghost
  3662 | D:4      | Found an iron altar of Okawaru.
  3818 | D:4      | Reached XP level 7. HP: 47/47 MP: 7/7
  3888 | D:4      | Reached skill level 5 in Stealth
  4211 | D:4      | Found a blossoming altar of Fedhas.
  4526 | D:4      | Identified a scroll of acquirement
  4526 | D:4      | Acquired a +6 ring of dexterity
  4677 | D:4      | Identified the +1 leather armour of Ukujumi {Dex+5}
  4694 | D:5      | Entered Level 5 of the Dungeon
  4724 | D:5      | Found a staircase to the Ecumenical Temple.
  4730 | Temple   | Entered the Ecumenical Temple
  4746 | Temple   | Became a worshipper of Gozag Ym Sagoz the Greedy
  4813 | D:5      | Found an ornate altar of the Wu Jian Council.
  4926 | D:5      | HP: 2/48 [something (4)]
  5312 | D:5      | Found a basalt altar of Yredelemnul.
  5315 | D:5      | Reached XP level 8. HP: 52/54 MP: 8/8
  5335 | D:5      | Noticed Eustachio
  5339 | D:5      | Reached skill level 5 in Long Blades
  5350 | D:5      | Killed Eustachio
  5622 | D:5      | Noticed Grinder
  5626 | D:5      | Killed Grinder
  5753 | D:5      | Noticed Duvessa
  5755 | D:5      | Noticed Dowan
  5765 | D:5      | Killed Duvessa
  5776 | D:5      | Killed Dowan
  5777 | D:5      | Reached skill level 5 in Fighting
  6126 | D:6      | Noticed a shadow
  6134 | D:6      | Killed a shadow
  6141 | D:6      | Reached XP level 9. HP: 30/61 MP: 9/9
  6821 | D:6      | Found a shimmering altar of Xom.
  6823 | D:6      | Found an ornate altar of the Wu Jian Council.
  6823 | D:6      | Found a hazy altar of Hepliaklqana.
  6825 | D:6      | Found a broken altar of Ashenzari.
  6825 | D:6      | Found a blossoming altar of Fedhas.
  6825 | D:6      | Found a glowing golden altar of the Shining One.
  7364 | D:6      | Found a sparkling altar of Nemelex Xobeh.
  7370 | D:6      | Found a radiant altar of Vehumet.
  7373 | D:6      | Found a shadowy altar of Dithmenos.
  7424 | D:7      | Noticed Harold
  7440 | D:7      | Killed Harold
  7441 | D:7      | Reached skill level 5 in Throwing
  7441 | D:7      | Reached skill level 5 in Dodging
  7441 | D:7      | Reached skill level 5 in Shields
  7721 | D:7      | Noticed a six-headed hydra
  7729 | D:7      | Killed a six-headed hydra
  7730 | D:7      | Reached XP level 10. HP: 33/69 MP: 10/10
  7984 | D:7      | Noticed a gargoyle
  8012 | D:7      | Noticed Joseph
  8037 | D:7      | Killed from afar by a gargoyle

Illustrated notes

Levels and vault maps discovered:
D:1:      psy_arrival_radial02, layout_loops_ring, serial_bayou_pond_d,
          corexii_corridor_pit
D:2:      layout_basic
D:3:      layout_basic, ebering_ecumenical_altar_box,
          gammafunk_ghost_abyssal_escape, serial_corexii_hall,
          corexii_hall_statues_s, chequers_hall_statues_wall_a,
          corexii_hall_statues_l, corexii_hall_statues_x, gup_sewer_entry_glass,
          minivault_19
D:4:      layout_basic, fedhas_altar_4, mainiacjoe_overflow_catwalk
D:5:      layout_cave_pods, nicolae_wu_jian_wuxing_cycle,
          nicolae_yredelemnul_corpse_copse, minmay_temple_entry_hall,
          minmay_hedge_maze, chequers_serial_rivers_room_b, uniq_duvessa,
          uniq_grinder, uniq_eustachio
D:6:      layout_rooms, doesnt_xom_only_xom, grunt_temple_overflow_diamond,
          minmay_lizard_king
D:7:      layout_gridville, zin_treasury, kennysheep_generic_room_8,
          uniq_harold, uniq_joseph, uniq_crazy_yiuf_cottage
Temple:   grunt_temple_mini_profane

Skill      XL: |  1  2  3  4  5  6  7  8  9 |
---------------+----------------------------+-----
Stealth        | 1 2 3 4 6 7 |  7.3
Long Blades    | 3 4 6 7 |  7.9
Throwing       | 1 2 3 4 6 |  6.1
Dodging        | 4 5 |  5.5
Fighting       | 4 5 6 |  6.4
Shields        | 4 5 |  5.1
Evocations     | 3 |  3.5

Action                   |  1- 3 |  4- 6 |  7- 9 | 10-12 || total
-------------------------+-------+-------+-------+-------++-------
Melee: Long sword        |    54 |    49 |       |       ||   103
       Constrict         |    10 |    16 |    30 |       ||    56
       Tentacles         |     8 |    16 |    58 |       ||    82
       Falchion          |       |    32 |   209 |     3 ||   244
Throw: Javelin           |       |     7 |     2 |       ||     9
       Dart              |       |       |    12 |     1 ||    13
       Boomerang         |       |       |     5 |       ||     5
Evoke: Wand              |       |       |    18 |       ||    18
  Use: Scroll            |     3 |     5 |    10 |     3 ||    21
       Potion            |       |       |     9 |       ||     9
 Stab: Sleeping          |     5 |    17 |     7 |       ||    29
Armor: Skin              |     1 |     4 |     9 |       ||    14
Dodge: Dodged            |    29 |    40 |    95 |     2 ||   166
Block: Buckler           |     9 |    14 |    49 |     3 ||    75

Table legend: (Time is in decaauts)
 A = Elapsed time spent in this place.
 B = Non-inter-level travel time spent in this place.
 C = Inter-level travel time spent in this place.
 D = Time resting spent in this place.
 E = Time spent auto-exploring this place.
 F = Levels seen in this place.
 G = Mean time per level.
                   A        B        C        D        E       F      G
               +--------+--------+--------+--------+--------+-----+--------+
         Total |   8066 |   8066 |      0 |   2384 |   1905 |   9 |  896.2 |
       Dungeon |   7555 |   7555 |      0 |   2189 |   1905 |   7 | 1079.3 |
        Temple |     28 |     28 |      0 |      0 |      0 |   1 |   28.0 |
         Sewer |    482 |    482 |      0 |    195 |      0 |   1 |  482.0 |
               +--------+--------+--------+--------+--------+-----+--------+

Top non-repeatable levels by time:
     D:5: 1677 daAuts
     D:3: 1135 daAuts
     D:2: 1049 daAuts
     D:6: 1028 daAuts
     D:4: 1026 daAuts
     D:1: 1021 daAuts
     D:7: 616 daAuts
   Sewer: 482 daAuts
  Temple: 28 daAuts
